 Dungeon Crawl Stone Soup version 0.20.1-1-g8b1a95d (webtiles) character file.

963 letownia2 the Reanimator (level 7, -3/66 HPs)
             Began as a Deep Dwarf Necromancer on Dec 28, 2017.
             Was an Initiate of Gozag.
             Slain by a centaur zombie (5 damage)
             ... in an ossuary.
             The game lasted 00:12:53 (3671 turns).

letownia2 the Reanimator (Deep Dwarf Necromancer)   Turns: 3671, Time: 00:12:53

Health: -3/66      AC:  9    Str: 12    XL:     7   Next: 92%
Magic:  12/12      EV: 11    Int: 17    God:    Gozag
Gold:   533        SH:  2    Dex: 13    Spells: 4/12 levels left

rFire    . . .     SeeInvis .   b - +1 hand axe (freeze)
rCold    . . .     Gourm    .   (no shield)
rNeg     . . .     Faith    .   o - +0 ring mail
rPois    .         Spirit   .   B - +0 helmet
rElec    .         Reflect  +   w - scarf {repulsion}
rCorr    .         Harm     .   (no gloves)
MR       ++...                  y - +2 pair of boots
Stlth    +.........             i - +2 amulet of reflection
Regen    0.0/turn               F - ring of protection from magic
MPRegen  0.2/turn               (no ring)

@: non-regenerating, repel missiles
A: damage resistance, heal wounds, sense surroundings 1, no regeneration
a: Heal Wounds, Potion Petition, Call Merchant, Bribe Branch, Renounce Religion


You were in an ossuary.
You worshipped Gozag.
Gozag was pleased with you.
You were not hungry.

You visited 1 branch of the dungeon, and saw 5 of its levels.
You also visited: Ossuary.

You collected 534 gold pieces.
You paid 1 gold pieces to Gozag.

Inventory:

Hand Weapons
 a - a +2 dagger of venom
 b - a +1 hand axe of freezing (weapon)
 d - a +0 quarterstaff
 n - a +0 short sword
 D - a +0 hand axe
Missiles
 E - 17 bolts
Armour
 o - a +0 ring mail (worn)
 w - a scarf of repulsion (worn)
 x - a +1 leather armour of fire resistance
 y - a +2 pair of boots (worn)
 B - a +0 helmet (worn)
 C - a +0 scale mail
Jewellery
 i - a +2 amulet of reflection (around neck)
 F - a ring of protection from magic (left hand)
 H - an uncursed amulet of the gourmand
Scrolls
 e - 2 scrolls of magic mapping {unknown}
 j - 2 scrolls of enchant armour {unknown}
 k - 3 scrolls of teleportation {unknown}
 l - a scroll of random uselessness {unknown}
 m - 2 scrolls of remove curse {unknown}
 q - 3 scrolls of amnesia {unknown}
 r - 4 scrolls of identify
 u - a scroll of fog {unknown}
 v - 2 scrolls of immolation {unknown}
 I - 2 scrolls of recharging {unknown}
Potions
 f - 2 potions of haste {unknown}
 g - a potion of berserk rage {unknown}
 p - 2 potions of lignification {unknown}
 s - 3 potions of heal wounds
 t - a potion of magic {unknown}
 z - a potion of curing {unknown}
Books
 A - a book of Necromancy

   Spells                             Type                      Level
   a - Pain                           Necromancy                   1
   b - Animate Skeleton               Necromancy                   1
   c - Vampiric Draining              Necromancy                   3
   d - Regeneration                   Charms/Necromancy            3
   e - Animate Dead                   Necromancy                   4
   f - Control Undead                 Necromancy                   4
Comestibles
 c - 3 bread rations
 h - 2 fruits


   Skills:
 - Level 4.7 Fighting
 + Level 0.0 Axes
 - Level 2.1 Dodging
 - Level 2.4 Stealth
 - Level 3.4 Spellcasting
 - Level 8.3 Necromancy


You had 4 spell levels left.
You knew the following spells:

 Your Spells              Type           Power        Failure   Level  Hunger
a - Pain                  Necr           ####         1%          1    None
v - Vampiric Draining     Necr           ####......   3%          3    ###....
D - Control Undead        Necr           ####......   12%         4    ####...


Dungeon Overview and Level Annotations

Branches:
Dungeon (5/15)             Temple (0/1) D:5

Altars:
Ashenzari
Dithmenos
Fedhas
Gozag
Nemelex Xobeh
Okawaru
Uskayaw
The Shining One

Shops:
D:4 [

Annotations:
D:5 2 transporters, Dowan


Innate Abilities, Weirdness & Mutations

You are resistant to damage.
You can heal yourself by infusing magical energy.
You passively map a small area around you.
You do not regenerate.


Message History

Unknown command.
The centaur zombie hits you.
* * * LOW HITPOINT WARNING * * *
You hit the centaur zombie.
The centaur zombie is almost destroyed.
The centaur zombie barely misses you. The centaur zombie hits you!
* * * LOW HITPOINT WARNING * * *
Unknown command.
The centaur zombie hits you.
* * * LOW HITPOINT WARNING * * *
You hit the centaur zombie.
The centaur zombie is almost destroyed.
The centaur zombie hits you but does no damage.
The centaur zombie barely misses you.
Unknown command.
You hit the centaur zombie.
The centaur zombie is almost destroyed.
The centaur zombie hits you.
You die...
Your body crumbles into a pile of gold. #...# #...... #ZZZ

#...# * #M.... #...
#...# * ##.... #...
#..Z#,, ..Z. #M..
#...# **#ZZ#** #.ZZ
#.Z.# #..# , #$$.
#.ZZ# , #..# , #$..
#.ZZ######.$######.$.
#...@.Z....$M.Z...$..
#........8..8........
#..............Z.....
#....................
#####################


You could see 2 adder zombies, a hobgoblin zombie, a kobold zombie, an orc
zombie, an elf zombie and a centaur zombie.

Vanquished Creatures
  The ghost of happy2pester the Cudgeler, a novice HOFi of Beogh (Ossuary)
  A centaur (D:5)
  An ogre (D:5)
  A howler monkey (D:4)
  2 hounds
  2 orc wizards (D:3)
  A worker ant (D:5)
  Terence (D:2)
  5 adders
  An ooze (D:3)
  An adder zombie (D:5)
  4 worms
  A dart slug (D:4)
  2 leopard geckos
  4 orcs
  5 giant cockroaches
  11 goblins
  6 hobgoblins
  2 jackals (D:1)
  2 quokkas (D:4)
  6 bats
  A frilled lizard (D:4)
  5 hobgoblin zombies (Ossuary)
  A jackal skeleton (D:4)
  4 kobolds
  7 kobold zombies (Ossuary)
  A leopard gecko skeleton (D:5)
  3 orc zombies
  A quokka skeleton (D:4)
  8 rats
91 creatures vanquished.

Notes
Turn   | Place    | Note
-------+----------+-------------------------------------------
     0 | D:1      | letownia2 the Deep Dwarf Necromancer began the quest for the Orb.
     0 | D:1      | Reached XP level 1. HP: 15/15 MP: 3/3
   290 | D:1      | Reached XP level 2. HP: 22/22 MP: 0/5
   463 | D:2      | Found an opulent altar of Gozag.
   694 | D:2      | Noticed Terence
   722 | D:2      | Became a worshipper of Gozag Ym Sagoz the Greedy
   888 | D:1      | Reached XP level 3. HP: 15/28 MP: 6/6
  1129 | D:2      | Found a blossoming altar of Fedhas.
  1130 | D:2      | Found a glowing golden altar of the Shining One.
  1200 | D:2      | Learned a level 3 spell: Vampiric Draining
  1624 | D:2      | Killed Terence
  1624 | D:2      | Reached XP level 4. HP: 18/36 MP: 0/9
  1916 | D:3      | Reached skill level 5 in Necromancy
  1933 | D:3      | Reached XP level 5. HP: 17/42 MP: 1/10
  2036 | D:3      | Found a shattered altar of Ashenzari.
  2310 | D:3      | Found a shadowy altar of Dithmenos.
  2311 | D:3      | Found a hide-covered altar of Uskayaw.
  2312 | D:3      | Found an iron altar of Okawaru.
  2461 | D:3      | Reached skill level 6 in Necromancy
  2588 | D:4      | Found Roywex's Armour Emporium.
  2978 | D:4      | Reached XP level 6. HP: 24/49 MP: 5/11
  3010 | D:4      | Found a sparkling altar of Nemelex Xobeh.
  3070 | D:4      | Reached skill level 7 in Necromancy
  3128 | D:5      | Entered Level 5 of the Dungeon
  3202 | D:5      | Found a staircase to the Ecumenical Temple.
  3232 | D:5      | Reached skill level 8 in Necromancy
  3295 | D:5      | Found a sand-covered staircase.
  3427 | D:5      | Found a transporter.
  3445 | D:5      | Found a transporter.
  3445 | D:5      | Noticed Dowan
  3477 | D:5      | Learned a level 4 spell: Control Undead
  3493 | Ossuary  | Entered an ossuary
  3496 | Ossuary  | Noticed happy2pester's ghost (novice HOFi)
  3532 | Ossuary  | HP: 1/49 [happy2pester's ghost (12)]
  3536 | Ossuary  | Killed happy2pester's ghost
  3536 | Ossuary  | Reached XP level 7. HP: 23/66 MP: 12/12
  3665 | Ossuary  | HP: 3/66 [centaur zombie (6)]
  3671 | Ossuary  | Slain by a centaur zombie

Skill      XL: |  1  2  3  4  5  6 |
---------------+-------------------+-----
Spellcasting   | 2 3 |  3.4
Necromancy     | 5 6 8 |  8.3
Fighting       | 4 |  4.7
Dodging        | |  2.1
Stealth        | |  2.4

Action                   |  1- 3 |  4- 6 |  7- 9 || total
-------------------------+-------+-------+-------++-------
Melee: Short sword       |    23 |    15 |       ||    38
       Dagger            |       |    69 |     2 ||    71
       Quarterstaff      |       |    26 |     3 ||    29
       Hand axe          |       |       |    37 ||    37
 Cast: Pain              |    52 |    68 |       ||   120
       Vampiric Draining |       |    15 |       ||    15
Invok: Potion Petition   |       |     1 |       ||     1
  Use: Potion            |       |     4 |       ||     4
       Scroll            |       |     1 |       ||     1
 Stab: Sleeping          |     1 |       |       ||     1
  Eat: Meat ration       |     1 |       |       ||     1
       Royal jelly       |       |     1 |       ||     1
       Bread ration      |       |     1 |       ||     1
Armor: Ring mail         |    15 |    94 |    16 ||   125
Dodge: Dodged            |    13 |    91 |    33 ||   137
       Deflected         |     1 |     2 |       ||     3
Block: Other             |     4 |    13 |     3 ||    20
       Reflection        |     1 |       |       ||     1
